 Dungeon Crawl Stone Soup version 0.26.0-10-g1f06aea511 (console) character file.

Game seed: 5784784314342226825

11291 doot the Thaumaturge (level 11, 0/56 HPs)
             Began as a Deep Elf Conjurer on Feb 5, 2021.
             Was an Elder of Kikubaaqudgha.
             Blown up by an orc (22 damage)
             ... with a disintegration bolt
             ... on level 11 of the Dungeon.
             The game lasted 00:27:56 (15409 turns).

doot the Thaumaturge (Deep Elf Conjurer)           Turns: 15409, Time: 00:27:57

Health: 0/56       AC:  6    Str:  4    XL:     11   Next: 47%
Magic:  31/39      EV: 16    Int: 30    God:    Kikubaaqudgha [****..]
Gold:   463        SH:  0    Dex: 16    Spells: 11/37 levels left

rFire    . . .     SeeInvis .   E - staff of poison
rCold    + . .     Faith    .   (no shield)
rNeg     . . .     Spirit   .   J - +0 steam dragon scales
rPois    +         Reflect  .   q - +0 helmet
rElec    .         Harm     .   (no cloak)
rCorr    .         Rampage  .   (no gloves)
Will     +....                  (no boots)
Stlth    ++++......             (no amulet)
HPRegen  0.18/turn              O - ring of the Good {MP+9 Int+3}
MPRegen  0.26/turn              K - ring "Utudump" {rC+ Dex+3}

@: no status effects
A: no striking features
a: Renounce Religion, Receive Corpses


You were on level 11 of the Dungeon.
You worshipped Kikubaaqudgha.
Kikubaaqudgha was greatly pleased with you.
You visited 3 branches of the dungeon, and saw 13 of its levels.

You collected 829 gold pieces.
You spent 366 gold pieces at shops.

Inventory:

Hand Weapons
 b - a +0 spear
 h - a +0 short sword
Armour
 a - a +0 robe
 q - a +0 helmet (worn)
 J - +0 steam dragon scales (worn)
Magical Staves
 E - an uncursed staff of poison (weapon)
 H - an uncursed staff of cold
Jewellery
 g - an uncursed ring of attention
 l - a +6 ring of strength
 w - an uncursed ring of stealth
 z - an uncursed ring of positive energy
 K - the ring "Utudump" (right hand) {rC+ Dex+3}
   (You found it on level 8 of the Dungeon)

   [ring of protection from cold]

   It affects your dexterity (+3).
   It protects you from cold.
 N - an uncursed ring of flight {unknown}
 O - the ring of the Good (left hand) {MP+9 Int+3}
   (You bought it in a shop on level 1 of the Orcish Mines)

   [ring of magical power]

   It affects your intelligence (+3).
   It affects your magic capacity (+9).
Wands
 x - a wand of polymorph (4)
 y - a wand of random effects (25)
 I - a wand of acid (10)
Scrolls
 c - 7 scrolls of teleportation
 f - 2 scrolls of amnesia {unknown}
 j - 9 scrolls of identify {unknown}
 n - a scroll of noise {unknown}
 p - 5 scrolls of fog {unknown}
 s - 3 scrolls of remove curse
 u - 2 scrolls of enchant weapon {unknown}
 v - a scroll of fear {unknown}
 C - a scroll of holy word {unknown}
 D - 4 scrolls of magic mapping {unknown}
 G - a scroll of immolation {unknown}
 L - a scroll of random uselessness {unknown}
 M - a scroll of brand weapon {unknown}
Potions
 d - a potion of heal wounds {unknown}
 e - 7 potions of curing {unknown}
 i - 4 potions of brilliance {unknown}
 k - a potion of attraction {unknown}
 m - a potion of resistance {unknown}
 o - 3 potions of flight {unknown}
 r - 3 potions of invisibility {unknown}
 t - 2 potions of mutation {unknown}
 A - 2 potions of haste {unknown}
 B - a potion of degeneration {unknown}
 F - a potion of lignification {unknown}


   Skills:
 + Level 1.0 Fighting
 + Level 1.7 Short Blades
 + Level 5.7 Dodging
 + Level 6.9 Stealth
 + Level 13.5 Spellcasting
 + Level 12.5 Conjurations
 + Level 3.6 Hexes
 * Level 6.2 Necromancy
 + Level 3.8 Translocations


You had 11 spell levels left.
You knew the following spells:

 Your Spells              Type           Power        Failure   Level
a - Magic Dart            Conj           100%         0%          1
b - Searing Ray           Conj           100%         1%          2
c - Fulminant Prism       Conj/Hex       31%          1%          4
d - Iskenderun's Mystic   Conj/Tloc      62%          1%          4
e - Corpse Rot            Necr/Air       N/A          1%          2
f - Sublimation of Blood  Necr           27%          1%          2
g - Vampiric Draining     Necr           27%          1%          3
h - Animate Dead          Necr           27%          1%          4
i - Dispel Undead         Necr           55%          1%          4

Your spell library contained the following spells:

 Spells                   Type           Power        Failure   Level
 Foxfire                  Conj/Fire      100%         1%          1
 Pain                     Necr           100%         1%          1
 Shock                    Conj/Air       100%         1%          1
 Conjure Flame            Conj/Fire      55%          1%          3
 Dazzling Flash           Conj/Hex       100%         1%          3
 Mephitic Cloud           Conj/Pois/Air  62%          1%          3
 Static Discharge         Conj/Air       55%          1%          3
 Sticky Flame             Conj/Fire      55%          1%          4
 Sting                    Tmut/Pois      100%         2%          1
 Poisonous Vapours        Pois/Air       60%          3%          2
 Swiftness                Air            20%          3%          2
 Inner Flame              Hex/Fire       31%          3%          3
 Fireball                 Conj/Fire      27%          4%          5
 Lightning Bolt           Conj/Air       27%          4%          5
 Agony                    Necr           55%          5%          5
 Excruciating Wounds      Necr           27%          5%          5
 Ignite Poison            Fire/Tmut/Pois 30%          8%          3
 Airstrike                Air            10%          24%         4
 Olgreb's Toxic Radiance  Pois           30%          24%         4
 Death Channel            Necr           27%          28%         6


Dungeon Overview and Level Annotations

Branches:
Dungeon (11/15)            Temple (1/1) D:4             Orc (1/2) D:9
   Lair: D:8-11

Altars:
Ashenzari
Cheibriados
Dithmenos
Elyvilon
Fedhas
Gozag
Hepliaklqana
Kikubaaqudgha
Makhleb
Nemelex Xobeh
Okawaru
Qazlal
Ru
Sif Muna
Trog
Uskayaw
Vehumet
Wu Jian
Xom
Yredelemnul
Zin
The Shining One
Beogh

Shops:
Orc:1 =

Annotations:
D:3 1 runed translucent door, SamuraiZach's ghost, amateur OpBr


Message History

A bullfrog comes into view.
The adder bites you but does no damage.
A hound comes into view.
A worker ant zombie comes into view.
The adder bites you.
The orc zaps a wand.
You are blasted!
Ouch! That really hurt!
The hound moves out of view.
There is a stone staircase leading up here.
Unknown command.
Casting: Searing Ray (safe; 1% risk of failure)
Confirm with . or Enter, or press ? or * to list all spells.
You erupt in a blast of force!
The mystic blast hits the adder!
You kill the adder!
Kikubaaqudgha accepts your kill.
The mystic blast hits the two-headed ogre.
The two-headed ogre is lightly wounded.
The two-headed ogre is knocked back by the mystic blast.
You hear a bark!
The orc zaps a wand.
You are blasted!
You die...
Kikubaaqudgha rasps: "You have failed me!
Welcome... death!"

... #.. ....#..
.......
#.#........h...
#...
..#.....o...ZF.
#
.........o..B..
#
.......o...)...
#
#..............
# .......).....
# #.......... .
#@†..o... .
#.[...... .
.O.......
...../....
##....##.#.
##...# .. ##.##
. ..


You could see a boulder beetle, a two-headed ogre, an orc warrior, a bullfrog, a
hound, an orc wizard, 2 orcs and a worker ant zombie.

Vanquished Creatures
  Snorg (Orc:1)
  A hydra (D:11)
  A two-headed ogre (D:10)
  Pikel (D:5)
  A centaur skeleton (D:11)
  Maggie (D:8)
  Grinder (D:3)
  Sigmund (D:6)
  A human (D:11)
  11 yaks
  3 wargs (Orc:1)
  An acid dragon (D:11)
  3 orc warriors (Orc:1)
  2 sky beasts
  3 ice beasts
  3 phantoms
  A black bear (D:9)
  9 ogres
  8 centaurs
  2 big kobolds (D:10)
  2 bullfrogs
  A wyvern zombie (D:3)
  3 troll zombies (D:9)
  3 scorpions
  9 killer bees
  3 wights (D:6)
  4 howler monkeys
  2 bullfrog zombies (D:5)
  4 centaur zombies
  2 quasits
  2 jellies (D:6)
  14 orc priests
  2 hounds
  2 bullfrog skeletons
  2 iguanas
  13 orc wizards
  3 worker ants
  5 ogre zombies (D:9)
  A hound skeleton (D:6)
  A howler monkey zombie (D:6)
  11 gnolls
  12 adders
  A howler monkey skeleton (D:7)
  A shadow imp (D:5)
  2 white imps (D:8)
  An ufetubus (D:10)
  An adder skeleton (D:9)
  2 worms
  2 dart slugs
  6 leopard geckos
  58 orcs
  4 ball pythons
  8 giant cockroaches
  7 goblins
  5 hobgoblins
  19 jackals
  23 kobolds
  2 quokkas
  5 bats
  5 frilled lizards
  3 goblin skeletons (D:9)
  2 goblin zombies (D:9)
  A hobgoblin skeleton (D:9)
  3 hobgoblin zombies (D:9)
  A jackal skeleton (D:4)
  An orc skeleton (D:9)
  15 orc zombies (D:9)
  A quokka zombie (D:7)
  3 rats
338 creatures vanquished.

Vanquished Creatures (others)
  A jelly (D:9)
  38 fulminant prisms
  20 plants (D:1)
59 creatures vanquished.

Grand Total: 397 creatures vanquished

Notes
Turn   | Place    | Note
-------+----------+-------------------------------------------
     0 | D:1      | doot the Deep Elf Conjurer began the quest for the Orb.
     0 | D:1      | Reached XP level 1. HP: 10/10 MP: 6/6
   470 | D:2      | Reached XP level 2. HP: 15/15 MP: 6/8
   473 | D:2      | Learned a level 2 spell: Searing Ray
  1080 | D:3      | Reached skill level 5 in Conjurations
  1161 | D:3      | Reached XP level 3. HP: 19/19 MP: 5/9
  1318 | D:3      | Reached XP level 4. HP: 20/24 MP: 6/11
  1660 | D:3      | Reached skill level 4 in Spellcasting
  1660 | D:3      | Reached XP level 5. HP: 25/28 MP: 2/13
  1749 | D:3      | Found a runed translucent door.
  1759 | D:3      | Noticed SamuraiZach's ghost (amateur OpBr)
  1909 | D:3      | Noticed Grinder
  1918 | D:3      | Paralysed by Grinder for 4 turns
  1928 | D:3      | Killed Grinder
  1929 | D:3      | Reached XP level 6. HP: 32/32 MP: 3/15
  2029 | D:3      | Learned a level 4 spell: Fulminant Prism
  2034 | D:3      | Learned a level 4 spell: Iskenderun's Mystic Blast
  2038 | D:4      | Reached skill level 5 in Spellcasting
  2279 | D:4      | Reached XP level 7. HP: 36/36 MP: 12/17
  2407 | D:4      | Found a broken altar of Ashenzari.
  2678 | D:4      | Reached skill level 6 in Spellcasting
  2754 | D:4      | Found a staircase to the Ecumenical Temple.
  2764 | Temple   | Entered the Ecumenical Temple
  3570 | D:2      | Found a sacrificial altar of Ru.
  4550 | D:3      | Found a white marble altar of Elyvilon.
  4649 | D:3      | Reached skill level 7 in Spellcasting
  5380 | D:5      | Entered Level 5 of the Dungeon
  5410 | D:5      | Noticed Pikel
  5418 | D:6      | Reached XP level 8. HP: 31/41 MP: 8/21
  5496 | D:5      | Reached skill level 8 in Spellcasting
  5496 | D:5      | Killed Pikel
  5497 | D:5      | Reached skill level 9 in Spellcasting
  5653 | D:5      | Reached skill level 10 in Conjurations
  5892 | D:5      | Reached skill level 1 in Short Blades
  5914 | D:5      | Found a bloodstained altar of Trog.
  5956 | D:5      | Found a snail-covered altar of Cheibriados.
  6276 | D:5      | Found a bloodstained altar of Trog.
  6321 | D:5      | Found an ancient bone altar of Kikubaaqudgha.
  6412 | D:5      | Became a worshipper of Kikubaaqudgha
  6441 | D:6      | Found a shimmering altar of Xom.
  6442 | D:6      | Found a shimmering altar of Xom.
  6442 | D:6      | Found a shimmering altar of Xom.
  6443 | D:6      | Found a shimmering altar of Xom.
  6467 | D:6      | Found a shimmering altar of Xom.
  6756 | D:6      | Found a stormy altar of Qazlal.
  6756 | D:6      | Found a shadowy altar of Dithmenos.
  6820 | D:6      | Reached XP level 9. HP: 41/45 MP: 18/24
  6861 | D:6      | Reached skill level 5 in Stealth
  6862 | D:6      | Reached skill level 10 in Spellcasting
  7014 | D:6      | Noticed Sigmund
  7018 | D:6      | Killed Sigmund
  7148 | D:6      | Reached skill level 1 in Hexes
  7942 | D:7      | Reached * piety under Kikubaaqudgha
  7942 | D:7      | Identified Kikubaaqudgha's Compendium of Dark Magic
                  | (Kikubaaqudgha gifted it to you on level 7 of the Dungeon)
  7942 | D:7      | Received a gift from Kikubaaqudgha
  7950 | D:7      | Learned a level 2 spell: Corpse Rot
  7953 | D:7      | Learned a level 2 spell: Sublimation of Blood
  7957 | D:7      | Learned a level 3 spell: Vampiric Draining
  8115 | D:7      | Found a sand-covered staircase.
  8910 | D:8      | Noticed Maggie
  8918 | D:8      | Killed Maggie
  8919 | D:8      | Reached skill level 11 in Spellcasting
  9248 | D:8      | Reached skill level 1 in Necromancy
  9381 | D:8      | Reached XP level 10. HP: 46/51 MP: 20/27
  9744 | D:8      | Found a glowing golden altar of the Shining One.
  9904 | D:8      | Got a glittering gossamer ring
  9907 | D:8      | Identified the ring "Utudump" {rC+ Dex+3} (You found it on
                  | level 8 of the Dungeon)
 10209 | D:8      | Found a hazy altar of Hepliaklqana.
 10226 | D:8      | Found an ornate altar of the Wu Jian Council.
 10316 | D:9      | Reached ** piety under Kikubaaqudgha
 10446 | D:9      | Reached skill level 1 in Translocations
 10953 | D:9      | Found a staircase to the Orcish Mines.
 11158 | D:9      | Reached *** piety under Kikubaaqudgha
 11158 | D:9      | Identified Kikubaaqudgha's Disquisition on Dark Secrets
                  | (Kikubaaqudgha gifted it to you on level 9 of the Dungeon)
 11158 | D:9      | Received a gift from Kikubaaqudgha
 11167 | D:9      | Learned a level 4 spell: Animate Dead
 11172 | D:9      | Learned a level 4 spell: Dispel Undead
 11243 | D:9      | Found a radiant altar of Vehumet.
 12156 | Orc:1    | Entered Level 1 of the Orcish Mines
 12167 | Orc:1    | Reached skill level 12 in Spellcasting
 12658 | Orc:1    | Found a roughly hewn altar of Beogh.
 12689 | Orc:1    | Reached skill level 5 in Dodging
 12966 | Orc:1    | Found Laseuc's Jewellery Emporium.
 12981 | Orc:1    | Noticed Snorg
 12994 | Orc:1    | Killed Snorg
 13202 | Orc:1    | Noticed an orc knight
 13459 | Orc:1    | Noticed an orc warlord
 13671 | D:10     | Entered Level 10 of the Dungeon
 13683 | D:10     | Reached **** piety under Kikubaaqudgha
 13787 | D:10     | Reached skill level 5 in Necromancy
 13799 | D:10     | Reached XP level 11. HP: 46/55 MP: 20/29
 14316 | Orc:1    | Bought the ring of the Good {MP+9 Int+3} for 366 gold
                  | pieces
 14608 | D:10     | Reached skill level 13 in Spellcasting
 14719 | D:10     | Noticed a two-headed ogre
 14725 | D:10     | Killed a two-headed ogre
 14726 | D:10     | Reached skill level 1 in Fighting
 15184 | D:11     | Noticed a boulder beetle
 15279 | D:11     | Noticed a five-headed hydra
 15286 | D:11     | Killed a five-headed hydra
 15295 | D:11     | Noticed a two-headed ogre
 15409 | D:11     | Blown up by an orc

Illustrated notes

Levels and vault maps discovered:
D:1:      minmay_arrival_stair_chambers, layout_basic, lexackson_kobold_supper
D:2:      layout_loops_cross, nicolae_overflow_hidden_temple, dk_vineyard_2
D:3:      layout_basic, elyvilon_altar_3, ebering_ghost_reflecting_pool,
          uniq_grinder
D:4:      layout_loops_ring, cheibrodos_ashenzari_chains,
          minmay_temple_entry_overgrown
D:5:      layout_cave_pools, marbit_many_paths, nicolae_overflow_crystal_walls,
          slow_altar_1, trog_book, uniq_pikel
D:6:      layout_loops_ring, xom_redecorated, gammafunk_temple_overflow_wave,
          uniq_sigmund
D:7:      layout_loops_corners, enter_ossuary_2, ebering_dispersal_statue_hall,
          eino_small_chamber_without_monster
D:8:      layout_basic, pdpol_wu_jian_five_deadly_venoms, kennysheep_little_box,
          nzn_hepliaklqana_mist_gate, uniq_maggie
D:9:      layout_gridville, fiery_altar_vehumet, zombieorc2_lemuel
D:10:     layout_loops_ring, minmay_misc_feat_doors
D:11:     layout_cave_pools, lair_entry_dummy, minmay_misc_feat_x,
          okawaru_humans
Temple:   chequers_temple_sunken
Orc:1:    layout_caves, serial_shops, nicolae_shop_behind_doors,
          gammafunk_ghost_necromancy, basic_altar, uniq_snorg

Skill      XL: |  1  2  3  4  5  6  7  8  9 10 11 |
---------------+----------------------------------+-----
Conjurations   | 5 6 7 8 10 11 12 | 12.5
Spellcasting   | 4 5 7 9 11 12 13 | 13.5
Dodging        | 3 4 5 |  5.7
Stealth        | 3 4 6 |  6.9
Short Blades   | 1 |  1.7
Hexes          | 1 3 |  3.6
Necromancy     | 1 5 6 |  6.2
Translocations | 3 |  3.8
Fighting       | 1 |  1.0

Action                   |  1- 3 |  4- 6 |  7- 9 | 10-12 || total
-------------------------+-------+-------+-------+-------++-------
Melee: Spear             |     3 |       |       |       ||     3
       Short sword       |       |       |     3 |       ||     3
 Cast: Magic Dart        |    18 |     4 |     6 |    10 ||    38
       Searing Ray       |     4 |    16 |    93 |    74 ||   187
       Fulminant Prism   |       |     2 |     8 |    28 ||    38
       Iskenderun's Myst |       |       |     6 |    50 ||    56
       Animate Dead      |       |       |       |     8 ||     8
       Dispel Undead     |       |       |       |     1 ||     1
       Corpse Rot        |       |       |       |     1 ||     1
  Use: Scroll            |       |       |       |     2 ||     2
Armor: Robe              |     2 |     1 |    14 |       ||    17
       Steam dragon scal |       |       |       |    18 ||    18
Dodge: Dodged            |     7 |     2 |    55 |   112 ||   176
